Description

Basic 1 base build

Build Order

Get SALT Encoding   

  14  0:16  Supply Depot  Rally first scv to ramp
  15  0:28  Refinery  
  16  0:45  Barracks  @100% Reactor, Factory, Orbital, Supply
  17  0:56  Refinery  
  19  1:34  Barracks Reactor  @100% constant Marine
  19  1:35  Factory  @100% Tech Lab, Starport
  19  1:36  Orbital Command  Mule when finished
  19  1:43  Supply Depot  
  20  2:11  Marine x2  
  23  2:21  Starport  @100% float onto Factory tech lab
  23  2:24  Factory Tech Lab  @100% float and new tech lab
  24  2:30  Supply Depot  @100% constant depot
  27  2:50  Factory Tech Lab  @100% Siege Tanks
  29  3:05  Cloaking Field  
  29  3:06  Banshee  Rally to enemy base
  32  3:10  Supply Depot  
  35  3:15  Siege Tank  
Spawning Tool Build Advisor. Get it on Overwolf

Go to:

Details

  • Created by: kaushaldalvi
  • Published on: Feb 14, 2020
  • Modified on: Feb 14, 2020
  • Patch: 4.11.0
Show
View Real Time Build Order
Export as new Build Order

Comments (0)

There are no comments. Be the first!

Create an account to comment!